 Dungeon Crawl Stone Soup version 0.30-a0-368-g86fb4627a9 (webtiles) character file.

Game seed: 9112306478992618681

12045 Bnni the Spear-Bearer (level 12, -7/100 HPs)
             Began as a Formicid Fighter on Nov 19, 2022.
             Was an Initiate of Yredelemnul.
             Mangled by a sphinx (9 damage)
             ... summoned by Kirke
             ... on level 12 of the Dungeon.
             The game lasted 00:26:16 (8738 turns).

Bnni the Spear-Bearer (Formicid Fighter)            Turns: 8738, Time: 00:26:17

Health: -7/100     AC:  0    Str: 24    XL:     12   Next: 15%
Magic:  18/18      EV: 13    Int: 10    God:    Yredelemnul [......]
Gold:   712        SH:  0    Dex: 13    Spells: 11/11 levels left

rFire   . . .      SeeInvis .    (weapon currently unavailable)
rCold   . . .      Faith    .    (shield currently unavailable)
rNeg    . . .      Spirit   .    (body armour currently unavailable)
rPois   .          Reflect  .    (helmet unavailable)
rElec   .          Harm     .    (cloak currently unavailable)
rCorr   .          Rampage  .    (gloves currently unavailable)
Will    +....                    (boots currently unavailable)
Stlth   +.........               t - amulet of regeneration
HPRegen 1.16/turn                (ring currently unavailable)
MPRegen 0.16/turn                (ring currently unavailable)

@: mighty, pig-form, invisible, very quick
A: fast, no casting, permanent stasis, dig shafts and tunnels, small, (antennae
3), four strong arms
a: Renounce Religion, Recall Undead Harvest


You were on level 12 of the Dungeon.
You worshipped Yredelemnul.
Yredelemnul was aware of your devotion.
You were a filthy swine.
You visited 2 branches of the dungeon, and saw 15 of its levels.

You collected 712 gold pieces.

Inventory:

Hand Weapons
 a - a +0 trident
 o - a +0 halberd of freezing (melded)
 O - a +0 glaive
 R - a +3 dagger of venom
Missiles
 z - 16 poisoned darts
 G - 3 silver boomerangs
 P - a boomerang of dispersal
 S - 2 curare-tipped darts
Armour
 c - a +0 buckler (melded)
 s - the +8 chain mail "Juoqosuc" (melded) {rPois rC++ Will-}
   (You found it on level 3 of the Dungeon)

   rC:        It greatly protects you from cold.
   rPois:     It protects you from poison.
   Will:      It decreases your willpower.
 w - a +0 pair of gloves (melded)
 y - a +0 cloak (melded)
 B - a +0 pair of boots (melded)
Jewellery
 k - a ring of poison resistance (melded)
 t - an amulet of regeneration (around neck)
 C - a +4 ring of protection (melded)
 H - an amulet of reflection
 M - a ring of protection from cold
 Q - a ring of protection from fire
Wands
 j - a wand of polymorph (8)
 p - a wand of flame (24)
 F - a wand of light (18)
Scrolls
 b - 4 scrolls of teleportation {unknown}
 g - a scroll of immolation {unknown}
 h - 2 scrolls of poison {unknown}
 i - 4 scrolls of amnesia {unknown}
 l - 3 scrolls of fear {unknown}
 m - a scroll of enchant weapon {unknown}
 n - a scroll of silence {unknown}
 r - a scroll of butterflies {unknown}
 u - a scroll of vulnerability {unknown}
 A - 3 scrolls of magic mapping {unknown}
 I - 2 scrolls of brand weapon {unknown}
 K - 4 scrolls of blinking {unknown}
 L - 2 scrolls of enchant armour {unknown}
Potions
 d - 3 potions of might
 e - 2 potions of invisibility
 f - 2 potions of brilliance
 q - 7 potions of curing {unknown}
 v - a potion of mutation
 x - a potion of attraction {unknown}
 E - 2 potions of lignification {unknown}
 N - a potion of flight {unknown}
Miscellaneous
 J - a phantom mirror (inert)


   Skills:
 + Level 11.4 Fighting
 * Level 14.1 Polearms
 - Level 3.2 Armour
 - Level 5.0 Shields
 + Level 8.0 Invocations


You had 11 spell levels left.
You didn't know any spells.
Your spell library contained the following spells:

 Spells                   Type           Power      Damage    Failure   Level
 Shock                    Conj/Air       0%         1d3       36%         1
 Slow                     Hex            0%         N/A       36%         1
 Confusing Touch          Hex            0%         N/A       75%         3
 Stone Arrow              Conj/Erth      0%         3d7       75%         3
 Summon Guardian Golem    Hex/Summ       0%         N/A       75%         3
 Vampiric Draining        Necr           0%         2d6       75%         3
 Airstrike                Air            0%         2d(0-16)  98%         4
 Animate Armour           Summ/Erth      0%         N/A       98%         4
 Petrify                  Tmut/Erth      0%         N/A       98%         4
 Metabolic Englaciation   Hex/Ice        0%         N/A       100%        5
 Statue Form              Tmut/Erth      0%         N/A       100%        6
 Orb of Destruction       Conj           0%         9d5       100%        7
 Spellforged Servitor     Conj/Summ      0%         N/A       100%        7
 Lehudib's Crystal Spear  Conj/Erth      0%         10d2      100%        8
 Swiftness                Air            Unusable   N/A       N/A         3

Dungeon Overview and Level Annotations

Branches:
Dungeon (14/15)            Temple (1/1) D:7            Lair (0/5) D:8
    Orc: D:9-12      Vaults: D:13-14

Altars:
Ashenzari
Cheibriados
Dithmenos
Elyvilon
Fedhas
Gozag
Hepliaklqana
Kikubaaqudgha
Makhleb
Nemelex Xobeh
Okawaru
Qazlal
Ru
Sif Muna
Trog
Uskayaw
Vehumet
Wu Jian
Xom
Yredelemnul
Zin
The Shining One
Jiyva

Shops:
D:9 *

Annotations:
D:11 2 transporters
D:12 Josephine, Kirke, Snorg


Innate Abilities, Weirdness & Mutations

You are a filthy swine.
You move quickly.
Your equipment is almost entirely melded.
You are incapable of wielding weapons or throwing items.
You cannot cast spells.
You cannot be hasted, slowed, berserked, paralysed or teleported.
You can dig through walls and to a lower floor.
((You have a pair of large antennae on your head. (SInv)))
Your four strong arms can wield two-handed weapons with a shield.


Message History

You feel very mighty all of a sudden.
Kirke mumbles some strange words.
Kirke flickers and vanishes!
Deactivating autopickup; reactivate with Ctrl-A.
Unknown command.
You hit the wraith but do no damage. The wraith barely misses you.
Unknown command.
You bite the wraith!
The wraith is moderately damaged.
The wraith hits you!
Okay, then.
Okay, then.
You closely miss the wraith.
The wraith is moderately damaged.
The wraith barely misses you.
You barely miss the wraith.
The wraith is moderately damaged.
The hog bites you!
Unknown command.
The wraith hits you. The wraith drains your vigour!
Your stasis prevents you from being slowed.
You hear some strange, mumbled words.
Something summons a manticore!
The wraith hits you!
Snorg the Insatiable comes into view.
The sphinx casts a spell.
You struggle to resist.
The sphinx hits you!! The sphinx hits you.
* * * LOW HITPOINT WARNING * * *
The sphinx barely misses you.
Unknown command.
You hear some strange, mumbled words.
Something summons a lindwurm!
The wraith hits you.
* * * LOW HITPOINT WARNING * * *
There is a stone staircase leading down, spattered with blood here.
Unknown command.
The sphinx hits you!!
* * * LOW HITPOINT WARNING * * *
The sphinx hits you!
You die...
Your body rises from the dead as a mindless zombie.

.(..(..#
....#
.....(.##...#
......(.....#
{..........#
#.....).(.#
####@..####
#..Hh..##
#...Hk..#
#.hhWh..#
#####...#
#####


You could see a sphinx (summoned), Josephine (unable to see you), a manticore
(summoned, wandering, unable to see you), a lindwurm (summoned, unable to see
you), 3 hogs and a wraith.

Vanquished Creatures
  A centaur warrior (D:13)
  3 two-headed ogres
  An ugly thing (D:13)
  2 cyclopes
  The ghost of nujazz the Cleaver, a novice MiBe of Trog (D:5)
  3 gargoyles
  2 hornets (D:9)
  A hog (D:13)
  4 wraiths (D:13)
  Grum (D:11)
  5 vampire mosquitoes
  2 wargs (D:8)
  Duvessa (D:5)
  3 orc warriors
  A sky beast (D:7)
  A black bear (D:5)
  3 ice beasts
  3 wolves (D:11)
  An ogre (D:4)
  3 centaurs
  2 phantoms
  5 kobold brigands
  Blork the orc (D:6)
  2 bullfrogs
  2 scorpions
  7 wights
  2 killer bees (D:8)
  A howler monkey (D:5)
  3 jellies
  3 orc priests
  5 hounds
  Crazy Yiuf (D:5)
  A gnoll bouda (D:9)
  Ijyb (D:4)
  3 iguanas
  9 orc wizards
  15 gnolls
  7 adders
  A shadow imp (D:6)
  A white imp (D:8)
  3 dart slugs
  27 orcs
  8 endoplasms
  4 giant cockroaches
  13 goblins
  7 hobgoblins
  7 jackals
  9 quokkas
  5 ball pythons
  4 bats
  7 frilled lizards
  17 kobolds
  7 rats
232 creatures vanquished.

Vanquished Creatures (collateral kills)
  A two-headed ogre (D:10)
  A hornet (D:9)
  A wraith (D:11)
  A vampire mosquito (D:10)
  A warg (D:8)
  A wolf (D:11)
  A wight (D:9)
  A killer bee (D:8)
  An orc wizard (D:9)
  A gnoll (D:9)
  2 orcs
  7 kobolds
19 creatures vanquished.

Vanquished Creatures (others)
  2 two-headed ogre zombies
  A wolf zombie (D:11)
  An orc zombie (D:10)
  2 gnoll zombies
  A kobold zombie (D:10)
  30 plants
37 creatures vanquished.

Grand Total: 288 creatures vanquished

Notes
Turn   | Place    | Note
-------+----------+-------------------------------------------
     0 | D:1      | Bnni the Formicid Fighter began the quest for the Orb.
     0 | D:1      | Reached XP level 1. HP: 18/18 MP: 1/1
    37 | D:1      | Reached XP level 2. HP: 20/24 MP: 2/2
   434 | D:1      | Reached XP level 3. HP: 28/29 MP: 3/3
   502 | D:1      | Found a faded altar of an unknown god.
   909 | D:2      | Reached skill level 3 in Polearms
   918 | D:2      | Found a burning altar of Makhleb.
   928 | D:2      | Reached XP level 4. HP: 32/37 MP: 4/4
  1403 | D:2      | Reached XP level 5. HP: 42/42 MP: 5/5
  1891 | D:3      | Reached skill level 5 in Shields
  1899 | D:3      | Reached skill level 4 in Polearms
  1938 | D:3      | Noticed a centaur
  1948 | D:3      | Killed a centaur
  1949 | D:3      | Reached XP level 6. HP: 19/49 MP: 6/6
  2058 | D:3      | Identified the +5 whip "Hoanaiso" {elec, rN+ rCorr Dex+2
                  | Stlth+}
  2131 | D:3      | Identified the +8 chain mail "Juoqosuc" {rPois rC++ Will-}
  2548 | D:4      | Noticed an ogre
  2553 | D:4      | Killed an ogre
  2554 | D:4      | Reached skill level 5 in Polearms
  2583 | D:4      | Found a stormy altar of Qazlal.
  2603 | D:4      | Reached skill level 5 in Fighting
  2621 | D:4      | Reached XP level 7. HP: 54/56 MP: 7/7
  2848 | D:4      | Noticed Ijyb
  2860 | D:4      | Killed Ijyb
  2861 | D:4      | Reached skill level 6 in Polearms
  3017 | D:4      | Found a faded altar of an unknown god.
  3017 | D:4      | Found an ornate altar of the Wu Jian Council.
  3023 | D:4      | Found a radiant altar of Vehumet.
  3025 | D:4      | Found a white marble altar of Elyvilon.
  3027 | D:4      | Found a faded altar of an unknown god.
  3130 | D:5      | Entered Level 5 of the Dungeon
  3164 | D:5      | Noticed Dowan
  3165 | D:5      | Noticed Duvessa
  3168 | D:5      | Dowan changed into Dowan the adder
  3168 | D:5      | Noticed Dowan
  3184 | D:5      | Killed Duvessa
  3190 | D:5      | Killed Dowan the adder
  3230 | D:5      | Reached XP level 8. HP: 59/64 MP: 8/8
  3243 | D:5      | Reached skill level 7 in Polearms
  3553 | D:5      | Found a runed translucent gate.
  3909 | D:5      | Found a runed translucent door.
  3910 | D:5      | Noticed Crazy Yiuf
  3918 | D:5      | Killed Crazy Yiuf
  3964 | D:5      | Found a runed translucent gate.
  3965 | D:5      | Found a runed translucent gate.
  3967 | D:5      | Noticed nujazz's ghost (novice MiBe)
  3977 | D:5      | Killed nujazz's ghost
  3978 | D:5      | Reached skill level 8 in Polearms
  3978 | D:5      | Reached XP level 9. HP: 55/72 MP: 9/9
  4063 | D:5      | Found a burning altar of Makhleb.
  4063 | D:5      | Found an ancient bone altar of Kikubaaqudgha.
  4064 | D:5      | Found a bloodstained altar of Trog.
  4433 | D:6      | Reached skill level 9 in Polearms
  4460 | D:6      | Found a glowing silver altar of Zin.
  4585 | D:6      | Noticed Blork the orc
  4591 | D:6      | Killed Blork the orc
  5337 | D:7      | Reached skill level 10 in Polearms
  5342 | D:7      | Found a staircase to the Ecumenical Temple.
  5400 | Temple   | Entered the Ecumenical Temple
  5468 | Temple   | Became a worshipper of Yredelemnul the Dark
  5574 | D:7      | Reached XP level 10. HP: 82/82 MP: 10/10
  5584 | D:7      | Reached skill level 1 in Invocations
  5601 | D:7      | Found a glowing golden altar of the Shining One.
  5720 | D:7      | Found a snail-covered altar of Cheibriados.
  6058 | D:8      | Found a staircase to the Lair.
  6063 | D:8      | Reached * piety under Yredelemnul
  6064 | D:8      | Reached skill level 11 in Polearms
  6240 | D:8      | Reached ** piety under Yredelemnul
  6445 | D:8      | Reached *** piety under Yredelemnul
  6813 | D:9      | Noticed a two-headed ogre
  6823 | D:9      | Killed a two-headed ogre
  6929 | D:9      | Reached skill level 12 in Polearms
  6955 | D:9      | Reached **** piety under Yredelemnul
  7401 | D:9      | Found a hazy altar of Hepliaklqana.
  7457 | D:9      | Found Otreheorch's General Store.
  7540 | D:10     | Entered Level 10 of the Dungeon
  7597 | D:10     | Reached skill level 5 in Invocations
  7653 | D:10     | Reached XP level 11. HP: 90/90 MP: 14/14
  7686 | D:10     | Reached skill level 10 in Fighting
  7709 | D:10     | Noticed a two-headed ogre
  7724 | D:10     | Killed a two-headed ogre
  7955 | D:10     | Found a shadowy altar of Dithmenos.
  7957 | D:10     | Found a shimmering altar of Xom.
  8124 | D:11     | Noticed Grum
  8129 | D:11     | Killed Grum
  8130 | D:11     | Noticed a two-headed ogre
  8137 | D:11     | Your ally Grum died
  8141 | D:11     | Killed a two-headed ogre
  8142 | D:11     | Reached skill level 13 in Polearms
  8168 | D:11     | Noticed a cyclops
  8175 | D:11     | Killed a cyclops
  8236 | D:11     | Found a transporter.
  8243 | D:11     | Found a transporter.
  8243 | D:11     | Found a viscous altar of Jiyva.
  8243 | D:11     | Noticed a great orb of eyes
  8368 | D:11     | You fall into a shaft and drop 3 floors!
  8380 | D:14     | Noticed a deep elf pyromancer
  8381 | D:14     | Noticed a rakshasa
  8493 | D:13     | Noticed a brown ugly thing
  8505 | D:13     | Killed a brown ugly thing
  8554 | D:13     | Noticed a cyclops
  8554 | D:13     | Noticed a centaur warrior
  8569 | D:13     | Killed a cyclops
  8572 | D:13     | Killed a centaur warrior
  8627 | D:12     | Noticed a two-headed ogre
  8634 | D:12     | Killed a two-headed ogre
  8634 | D:12     | Noticed Josephine
  8635 | D:12     | Reached XP level 12. HP: 100/100 MP: 17/17
  8640 | D:12     | Noticed Kirke
  8650 | D:13     | Reached skill level 14 in Polearms
  8726 | D:12     | Noticed a sphinx
  8735 | D:12     | Noticed Snorg
  8738 | D:12     | HP: 2/100 [sphinx[Kirke] (24)]
  8738 | D:12     | Mangled by a sphinx

Illustrated notes

Levels and vault maps discovered:
D:1:      minmay_arrival_doors, layout_basic,
          shapermc_ecumenical_altar_mp_vishouse
D:2:      wad_woods_stonehenge, layout_basic, serial_bayou,
          serial_bayou_shore_a, serial_bayou_pond_b, serial_bayou_pond_e,
          serial_bayou_lagoon_a, kennysheep_minor_cross, st_stairs_13
D:3:      layout_basic
D:4:      kennysheep_goblin_castle, layout_rooms,
          chequers_temple_overflow_minitemple, nicolae_qazlal_scattered_showers,
          uniq_ijyb
D:5:      layout_layer_cave, gammafunk_temple_overflow_claw,
          ebering_ghost_rock_garden, minmay_diced_spiral, uniq_duvessa,
          uniq_crazy_yiuf_cottage
D:6:      layout_loops_ring, mainiacjoe_overflow_catwalk,
          chequers_serial_rivers_large_b, lexackson_kobold_supper,
          uniq_blork_the_orc
D:7:      layout_cave_pools, tso_metal_star, mainiacjoe_overflow_alcove_1,
          minmay_temple_entry_poolview
D:8:      layout_loops_cross, erik_lair_orcish_takeover
D:9:      layout_roguey, nicolae_hepliaklqana_hippocampus, serial_shops,
          kennysheep_little_box, serial_co_window_serial, co_window_paths_a,
          co_window_paths_b, co_window_corner_a, co_window_of_opportunity_a,
          co_window_corner_a, co_window_corner_b, co_window_cross_4,
          co_window_paths_c, co_window_broadway_a, co_window_cross_3,
          co_window_corner_b, glass_columns_b, glass_columns_a, glass_columns_a,
          glass_columns_b, glass_columns_a
D:10:     layout_small_grid, minitemple
D:11:     gammafunk_jiyva_shrine, layout_rooms, erik_orc_1,
          chequers_serial_rivers_micro_e, uniq_grum, uniq_fannar
D:12:     layout_cross, ebering_ghost_inner_flame, uniq_josephine, uniq_rupert,
          uniq_kirke, uniq_snorg
D:13:     layout_long_grid
D:14:     layout_cave_pools, lightli_vaults_fourway_checkpoint,
          okawaru_gym_becter, uniq_jorgrun
Temple:   dpeg_three_leaves_temple

Skill      XL: |  1  2  3  4  5  6  7  8  9 10 11 12 |
---------------+-------------------------------------+-----
Polearms       | 3 4 5 6 8 10 12 13 14 | 14.1
Fighting       | 4 5 7 8 9 11 | 11.4
Shields        | 5 |  5.0
Invocations    | 5 7 8 |  8.0
Armour         | |  3.2

Action                   |  1- 3 |  4- 6 |  7- 9 | 10-12 || total
-------------------------+-------+-------+-------+-------++-------
Melee: Trident           |    96 |    53 |       |       ||   149
       Halberd           |       |    90 |   344 |   332 ||   766
       Unarmed           |       |       |       |     4 ||     4
Throw: Dart              |       |       |       |     8 ||     8
       Throwing net      |       |       |       |     3 ||     3
Invok: Recall Undead Har |       |       |       |     2 ||     2
 Abil: Dig               |       |       |       |     3 ||     3
Evoke: Wand              |       |     4 |     2 |       ||     6
       Phantom mirror    |       |       |       |     1 ||     1
  Use: Potion            |       |     1 |       |     4 ||     5
       Scroll            |       |     3 |       |     3 ||     6
 Stab: Held in net/web   |       |       |       |     2 ||     2
       Distracted        |       |       |       |     2 ||     2
       Invisible         |       |       |       |     1 ||     1
Armor: Scale mail        |    39 |    44 |       |       ||    83
       Chain mail        |       |    27 |   255 |   220 ||   502
Dodge: Dodged            |    40 |    55 |   163 |   116 ||   374
Block: Buckler           |    28 |    25 |    83 |    83 ||   219

Table legend: (Time is in decaauts)
 A = Elapsed time spent in this place.
 B = Non-inter-level travel time spent in this place.
 C = Inter-level travel time spent in this place.
 D = Time resting spent in this place.
 E = Time spent auto-exploring this place.
 F = Levels seen in this place.
 G = Mean time per level.
                   A        B        C        D        E       F      G
               +--------+--------+--------+--------+--------+-----+--------+
         Total |   8864 |   8541 |    323 |    295 |   6243 |  15 |  590.9 |
       Dungeon |   8782 |   8471 |    311 |    295 |   6194 |  14 |  627.3 |
        Temple |     81 |     69 |     12 |      0 |     49 |   1 |   81.0 |
               +--------+--------+--------+--------+--------+-----+--------+

Top non-repeatable levels by time:
     D:5: 1308 daAuts
     D:2: 1056 daAuts
     D:9: 980 daAuts
     D:6: 897 daAuts
     D:1: 865 daAuts
     D:3: 658 daAuts
     D:4: 654 daAuts
     D:8: 653 daAuts
    D:10: 578 daAuts
     D:7: 534 daAuts
    D:13: 302 daAuts
    D:11: 237 daAuts
  Temple: 81 daAuts
    D:12: 37 daAuts
    D:14: 17 daAuts
